 Dungeon Crawl Stone Soup version 0.30.1-11-g7821555f0a (webtiles) character file.

Game seed: 6524259712544324328

315 ChrisAssaf the Sneak (level 6, -1/45 HPs)
             Began as a Djinni Brigand on Dec 7, 2023.
             Was a Believer of the Shining One.
             Slain by a gnoll
             ... wielding a +0 halberd
             ... led by a gnoll bouda
              (11 damage)
             ... on level 5 of the Dungeon.
             The game lasted 00:05:22 (1261 turns).

ChrisAssaf the Sneak (Djinni Brigand)               Turns: 1261, Time: 00:05:28

Health: -1/45      AC:  3    Str: 12    XL:     6   Next: 72%
Gold:   154        EV: 12    Int: 13    God:    the Shining One [**....] SH:  0 Dex: 14

rFire   + + .        h - +4 dagger (venom)
rCold   x . .        (no shield)
rNeg    + . .        b - +0 robe
rPois   ∞            (no helmet)
rElec   .            c - +0 cloak
rCorr   .            (no gloves)
SInv    .            (boots unavailable)
Will    .....        (no amulet)
Stlth   +            (no ring)
HPRegen 0.27/turn    (no ring)
MPRegen 0.00/turn

%: infuse magic (-2 HP)
@: mighty, weak-willed, flying, very slightly contaminated, glowing
A: sickness immunity, fire resistance 2, cold vulnerability 1, float, innate
caster, HP casting, extra vitality 1
a: Renounce Religion, Divine Shield


You were on level 5 of the Dungeon.
You worshipped the Shining One.
The Shining One was pleased with you.
You visited 1 branch of the dungeon, and saw 5 of its levels.

You collected 154 gold pieces.

Inventory:

Hand Weapons
 h - a +4 dagger of venom (weapon)
Missiles
 d - 6 poisoned darts
 e - 3 curare-tipped darts
Armour
 b - a +0 robe (worn)
 c - a +0 cloak (worn)
Wands
 j - a wand of flame (52)
Scrolls
 g - a scroll of immolation
Potions
 a - 2 potions of might
 f - a potion of curing {unknown}


   Skills:
 * Level 2.7 Fighting
 * Level 3.3 Short Blades
 * Level 2.1 Throwing
 * Level 1.4 Armour
 * Level 2.1 Dodging
 * Level 4.0 Stealth
 * Level 1.1 Spellcasting
 * Level 1.1 Invocations
 * Level 1.1 Evocations


You knew the following spells:

 Your Spells              Type           Power      Damage    Failure   Level
a - Beastly Appendage     Tmut           6%         N/A       19%         1
b - Scorch                Fire           6%         2d5       26%         2
Your spell library was empty.

Dungeon Overview and Level Annotations

Branches:
Dungeon (5/15)
 Temple: D:4-7

Altars:
The Shining One

Shops:
D:2 (


Innate Abilities, Weirdness & Mutations

You are immune to sickness and miasma.
You are immune to poison.
Your flesh is very heat resistant. (rF++)
You are vulnerable to cold. (rC-)
You float through the air rather than walking.
You learn spells naturally, not from books.
Your magical power is your life essence.
You have superior vitality. (+4 MHP)


Message History

The gnoll bouda gazes fiercely through you!
You feel your attacks grow feeble.
You hit the gnoll.
The gnoll looks as sick as possible!
The gnoll is moderately wounded.
The gnoll hits you with a +0 whip.
You completely miss the gnoll.
The gnoll is moderately wounded.
The gnoll hits you with a +0 whip.
An iguana comes into view.
The gnoll misses you.
The gnoll bouda calls upon its god to heal the gnoll.
The gnoll is healed somewhat.
The gnoll attacks as you move away! The gnoll closely misses you.
Casting: Scorch (dangerous; 26% risk of failure)
Press: ? - help, Q - select action, (/) - cycle Dir - look around, f - activate Flames lash the gnoll.
The gnoll is lightly wounded.
The gnoll's fire resistance burns away.
The iguana hisses angrily.
The gnoll closely misses you.
The gnoll bouda barks out a call to the hunt!
The gnoll picks up the pace!
Casting: Scorch (dangerous; 26% risk of failure)
Press: ? - help, Q - select action, (/) - cycle Dir - look around, f - activate You miscast Scorch.
You are very lightly contaminated with residual magic.
Nothing appears to happen.
The gnoll hits you with a +0 whip. The gnoll closely misses you.
The gnoll hits you with a +0 whip.
It was a potion of might.
You feel very mighty all of a sudden.
Your attacks no longer feel as feeble.
The gnoll is no longer more vulnerable to fire.
The gnoll barely misses you. x2; The gnoll hits you with a +0 whip.
You puncture the gnoll!
You kill the gnoll!
The gnoll hits you with a +0 whip.
* * * LOW HITPOINT WARNING * * *
The gnoll closely misses you.
The gnoll hits you from afar with a +0 halberd!
You die...

##............#..##...##.
....##............>......
...................#
##.....##.....###..##
#)....###.. #.....###
##......##.#####lg....##
........##...#.gg###....#
...............g..#.....#
...........#...)@.......#
.....#.....##......#.....
....[#.....###.....##....
....##..................
.#####.....#............
### ##...###..####.....
#.# ##.## #### #..##
..### ### ### ....#


You could see a gnoll bouda (weak-willed), an iguana and 3 gnolls.

Vanquished Creatures
  Menkaure (D:4)
  A phantom (D:5)
  A jelly (D:5)
  An iguana (D:5)
  3 adders
  A gnoll (D:5)
  A worm (D:2)
  2 dart slugs
  3 orcs (D:5)
  2 ball pythons
  4 endoplasms
  2 giant cockroaches
  3 goblins
  4 hobgoblins
  3 kobolds
  4 quokkas
  A rat (D:1)
37 creatures vanquished.

Notes
Turn   | Place    | Note
-------+----------+-------------------------------------------
     0 | D:1      | ChrisAssaf the Djinni Brigand began the quest for the Orb.
     0 | D:1      | Reached XP level 1. HP: 18/18 MP: 0/0
    24 | D:1      | Found a faded altar of an unknown god.
    78 | D:1      | Prayed at the altar of an unknown god.
    78 | D:1      | Became a worshipper of the Shining One
    78 | D:1      | Reached * piety under the Shining One
   170 | D:1      | Reached XP level 2. HP: 23/23 MP: 0/0
   321 | D:2      | Reached XP level 3. HP: 28/28 MP: 0/0
   321 | D:2      | Learned a level 1 spell: Beastly Appendage
   551 | D:2      | Found Esmi's Antique Weapon Boutique.
   574 | D:3      | Reached XP level 4. HP: 29/33 MP: 0/0
   698 | D:4      | Noticed Menkaure
   708 | D:4      | Killed Menkaure
   709 | D:4      | Reached skill level 1 in Armour
   709 | D:4      | Reached skill level 4 in Stealth
   709 | D:4      | Reached XP level 5. HP: 10/39 MP: 0/0
   709 | D:4      | Learned a level 2 spell: Scorch
   865 | D:5      | Entered Level 5 of the Dungeon
   882 | D:5      | Reached skill level 1 in Invocations
   882 | D:5      | Reached XP level 6. HP: 18/45 MP: 0/0
  1013 | D:5      | Reached ** piety under the Shining One
  1014 | D:5      | Reached skill level 1 in Spellcasting
  1014 | D:5      | Reached skill level 1 in Evocations
  1261 | D:5      | Slain by a gnoll

Illustrated notes

Levels and vault maps discovered:
D:1:      ebering_hopf_link, layout_basic, dreamdust_ecumenical_altar_statues
D:2:      layout_loops_corners, basic_altar, serial_shops,
          nicolae_shop_tiny_statue_garden
D:3:      layout_rooms, gammafunk_ghost_split, grunt_ministairs_8
D:4:      layout_basic, uniq_menkaure
D:5:      layout_cave_pools, minmay_gold_behind_fungi,
          kennysheep_generic_room_15

Skill      XL: |  1  2  3  4  5  6 |
---------------+-------------------+-----
Short Blades   | 2 3 |  3.3
Throwing       | 2 |  2.1
Armour         | 1 |  1.4
Stealth        | 4 |  4.0
Dodging        | 2 |  2.1
Invocations    | 1 |  1.1
Spellcasting   | 1 |  1.1
Evocations     | 1 |  1.1
Fighting       | |  2.7

Action                     |  1- 3 |  4- 6 || total
---------------------------+-------+-------++-------
  Melee: Dagger            |    30 |    27 ||    57
  Throw: Dart              |    11 |     3 ||    14
   Cast: Beastly Appendage |     1 |       ||     1
         Scorch            |       |    16 ||    16
 Invoke: Divine Shield     |       |     1 ||     1
  Evoke: Wand              |       |     3 ||     3
    Use: Scroll            |     1 |     2 ||     3
         Potion            |       |     2 ||     2
 Armour: Robe              |    10 |     5 ||    15
  Dodge: Dodged            |    25 |    19 ||    44
